 Dungeon Crawl Stone Soup version 0.22.1-1-ga44c0e5 (webtiles) character file.

924 Stepladder the Ducker (level 8, -12/62 HPs)
             Began as a Merfolk Gladiator on Sept 25, 2018.
             Was an Initiate of Makhleb.
             Killed by divine providence
             ... invoked by an orc priest
              (13 damage)
             ... on level 6 of the Dungeon.
             The game lasted 00:21:44 (5971 turns).

Stepladder the Ducker (Merfolk Gladiator)           Turns: 5971, Time: 00:21:45

Health: -12/62     AC:  9    Str: 16    XL:     8   Next: 10%
Magic:  8/8        EV: 13    Int:  7    God:    Makhleb [......]
Gold:   253        SH:  0    Dex: 16    Spells: 6/7 levels left

rFire    . . .     SeeInvis .   a - +0 long sword
rCold    + . .     Gourm    .   (no shield)
rNeg     . . .     Faith    .   w - +0 scale mail {rC+}
rPois    +         Spirit   .   c - +0 helmet
rElec    .         Reflect  .   g - +0 cloak
rCorr    .         Harm     .   (no gloves)
MR       .....                  (no boots)
Stlth    +.........             (no amulet)
HPRegen  0.20/turn              e - ring of poison resistance
MPRegen  0.11/turn              J - ring of flight

@: drained
A: change form in water, swift swim, stealthy swim
a: Renounce Religion, Evoke Flight


You were on level 6 of the Dungeon.
You worshipped Makhleb.
Makhleb was noncommittal.
You were not hungry.

You visited 2 branches of the dungeon, and saw 8 of its levels.

You collected 253 gold pieces.

Inventory:

Hand Weapons
 a - a +0 long sword (weapon)
 t - a +0 dagger
 u - a +0 hunting sling
 G - a +2 spear of piercing
 H - a +2 dagger of speed
Missiles
 d - 3 throwing nets
 n - 164 stones (quivered)
 s - 31 sling bullets
 C - 6 javelins of penetration
Armour
 b - a +0 leather armour
 c - a +0 helmet (worn)
 g - a +0 cloak (worn)
 i - a +0 ring mail
 m - a scarf of cloud immunity
 w - a +0 scale mail of cold resistance (worn)
 M - the +10 large shield of Ignorance {rN+ Int-4}
   (You took it off an orc on level 6 of the Dungeon)

   It affects your intelligence (-4).
   It protects you from negative energy.
Jewellery
 e - a ring of poison resistance (left hand)
 E - an uncursed amulet of harm {unknown}
 J - a ring of flight (right hand)
Scrolls
 h - 2 scrolls of enchant weapon {unknown}
 o - a scroll of remove curse
 p - 3 scrolls of identify
 r - a scroll of immolation {unknown}
 x - 3 scrolls of blinking {unknown}
 y - 2 scrolls of fog {unknown}
 A - a scroll of enchant armour {unknown}
 B - 2 scrolls of teleportation {unknown}
 L - 2 scrolls of magic mapping {unknown}
Potions
 j - a potion of degeneration {unknown}
 k - a potion of flight {unknown}
 l - a potion of magic {unknown}
 q - 2 potions of heal wounds {unknown}
 v - a potion of curing {unknown}
 z - a potion of brilliance {unknown}
 D - a potion of invisibility {unknown}
 I - a potion of lignification {unknown}
 K - 2 potions of cancellation {unknown}
Comestibles
 f - 7 rations
 F - 4 chunks of flesh


   Skills:
 + Level 5.1(5.0) Fighting
 + Level 5.7(5.6) Long Blades
 - Level 2.0(1.9) Throwing
 + Level 2.9(2.8) Armour
 + Level 6.9(6.8) Dodging
 - Level 2.1(2.0) Stealth
 + Level 1.3(1.2) Hexes


You had 6 spell levels left.
You knew the following spells:

 Your Spells              Type           Power        Failure   Level  Hunger
a - Corona                Hex            #......      69%         1    ##.....

Your spell library contained the following spells:

 Spells                   Type           Power        Failure   Level  Hunger
 Ensorcelled Hibernation  Hex/Ice        #.....       89%         2    ###....
 Confuse                  Hex            #.......     96%         3    ####...
 Tukima's Dance           Hex            #.......     96%         3    ####...
 Dazzling Spray           Conj/Hex       #.....       98%         3    ####...


Dungeon Overview and Level Annotations

Branches:
Dungeon (7/15)             Temple (1/1) D:6

Altars:
Ashenzari
Cheibriados
Fedhas
Hepliaklqana
Makhleb
Nemelex Xobeh
Qazlal
Trog
Vehumet
Wu Jian
Xom
The Shining One

Annotations:
D:5 Eustachio


Message History

You climb upwards.
There is a stone staircase leading down here.
You barely miss the orc priest.
The orc priest hits you with a falchion.
* * * LOW HITPOINT WARNING * * *
The orc priest closely misses you.
You closely miss the orc priest. The orc priest barely misses you.
The orc priest calls down the wrath of Beogh upon you.
You struggle to resist.
You hit the orc priest.
The orc priest is lightly wounded.
The orc priest casts a cantrip, but nothing happens.
The orc priest invokes the aid of Beogh against you.
Beogh smites you!
* * * LOW HITPOINT WARNING * * *
The orc priest hits you with a falchion.
* * * LOW HITPOINT WARNING * * *
The orc priest invokes the aid of Beogh against you.
Beogh smites you!
You die...

#..#### #.# #.........
#..######## #.###.#######.
#.........# #.......# #...
#.........# #####.#.# #.#.
#.........# #.#.###...
..........# #.#...#≈≈≈
##........########## #.#...#≈#≈
#[.......##....÷o.#####.#...#≈≈≈
##........##....@o.##.......##≈≈≈
...#########.>.....##.##.....#≈#≈
...# #.......##.##..#..#≈≈≈ ...#
#.......##.##.....#≈≈≈ ...#
#...............#.#≈#≈ ...#
#........#....(.#.#≈≈≈ ...##
#############.#.#....#.#≈≈≈
....###.............#.#...####≈#≈
....##.####.###########......#≈≈≈


You could see 2 orc priests.

Vanquished Creatures
  Edmund (D:5)
  A big kobold (D:6)
  Blork the orc (D:5)
  A water moccasin skeleton (D:4)
  A crimson imp (D:6)
  A hound (D:5)
  3 jellies
  2 centaur skeletons
  2 orc wizards (D:4)
  An iguana (D:6)
  6 worker ants
  5 adders
  A howler monkey skeleton (D:4)
  A shadow imp (D:5)
  2 oozes
  4 worms
  3 dart slugs
  2 leopard geckos
  19 orcs
  A ball python (D:2)
  4 goblins
  9 hobgoblins
  10 jackals
  6 kobolds
  4 quokkas
  3 bats
  4 frilled lizards
  3 giant cockroaches
  A leopard gecko zombie (D:6)
  4 rats
106 creatures vanquished.

Vanquished Creatures (others)
  3 orcs (D:3)
3 creatures vanquished.

Grand Total: 109 creatures vanquished

Notes
Turn   | Place    | Note
-------+----------+-------------------------------------------
     0 | D:1      | Stepladder the Merfolk Gladiator began the quest for the
                  | Orb.
     0 | D:1      | Reached XP level 1. HP: 16/16 MP: 1/1
   363 | D:1      | Reached XP level 2. HP: 23/23 MP: 2/2
   452 | D:1      | Reached skill level 1 in Stealth
   793 | D:1      | Reached XP level 3. HP: 28/28 MP: 3/3
   942 | D:2      | Found a faded altar of an unknown god.
  1366 | D:2      | Reached XP level 4. HP: 28/34 MP: 4/4
  2066 | D:3      | Found a radiant altar of Vehumet.
  2077 | D:3      | Reached skill level 1 in Armour
  2237 | D:3      | Found a hazy altar of Hepliaklqana.
  2615 | D:4      | Reached XP level 5. HP: 41/41 MP: 5/5
  2619 | D:4      | Reached skill level 5 in Dodging
  2821 | D:4      | Reached XP level 6. HP: 47/48 MP: 6/6
  3641 | D:5      | Entered Level 5 of the Dungeon
  3942 | D:5      | Noticed Blork the orc
  3955 | D:5      | Killed Blork the orc
  3955 | D:5      | Reached skill level 5 in Long Blades
  3955 | D:5      | Reached skill level 6 in Dodging
  3955 | D:5      | Reached XP level 7. HP: 53/55 MP: 7/7
  3963 | D:5      | Noticed Edmund
  3979 | D:5      | Killed Edmund
  4345 | D:5      | Noticed Eustachio
  4527 | D:5      | Learned a level 1 spell: Corona
  4789 | D:6      | Found a snail-covered altar of Cheibriados.
  4807 | D:6      | Reached skill level 5 in Fighting
  4807 | D:6      | Reached skill level 1 in Hexes
  4813 | D:6      | Reached XP level 8. HP: 62/62 MP: 8/8
  5501 | D:6      | Found a staircase to the Ecumenical Temple.
  5505 | Temple   | Entered the Ecumenical Temple
  5564 | Temple   | Became a worshipper of Makhleb the Destroyer
  5971 | D:6      | HP: 3/62 [orc priest/divine providence (16)]
  5971 | D:6      | HP: 1/62 [orc priest/falchion (2)]
  5971 | D:6      | Killed from afar by an orc priest

Skill      XL: |  1  2  3  4  5  6  7 |
---------------+----------------------+-----
Stealth        | 1 2 |  2.1
Fighting       | 3 4 5 |  5.1
Armour         | 1 2 |  2.9
Long Blades    | 4 5 |  5.7
Dodging        | 5 6 |  6.9
Hexes          | 1 |  1.3
Throwing       | |  2.0

Action                   |  1- 3 |  4- 6 |  7- 9 || total
-------------------------+-------+-------+-------++-------
Melee: Long sword        |    73 |   141 |   151 ||   365
       Tailslap          |       |       |     1 ||     1
 Fire: Hunting sling     |       |    17 |     3 ||    20
Throw: Stone             |       |     4 |     4 ||     8
 Cast: Corona            |       |       |     1 ||     1
  Use: Scroll            |       |     2 |       ||     2
       Potion            |       |     2 |       ||     2
 Stab: Sleeping          |       |     1 |       ||     1
  Eat: Chunk             |     1 |     5 |     7 ||    13
       Ration            |       |     1 |       ||     1
Armor: Ring mail         |    18 |     8 |       ||    26
       Leather armour    |     1 |       |       ||     1
       Scale mail        |       |    51 |    37 ||    88
Dodge: Dodged            |    45 |   121 |   120 ||   286
       Rpst.: Long sword |    15 |    36 |    40 ||    91
